 Dungeon Crawl Stone Soup version 0.23-a0-644-gb60d84b (webtiles) character file.

184 Borgoz the Sneak (level 5, -8/34 HPs)
             Began as a Halfling Assassin on Jan 2, 2019.
             Mangled by a goblin
             ... wielding a +2 dagger of electrocution
             ... led by Robin
              (18 damage)
             ... on level 3 of the Dungeon.
             The game lasted 00:07:03 (2800 turns).

Borgoz the Sneak (Halfling Assassin)                Turns: 2800, Time: 00:07:05

Health: -8/34      AC:  3    Str: 13    XL:     5   Next: 95%
Magic:  5/5        EV: 19    Int:  9    God:
Gold:   186        SH:  0    Dex: 16    Spells: 4/4 levels left

rFire    . . .     SeeInvis .   a - +2 rapier (venom)
rCold    . . .     Gourm    .   (shield restricted)
rNeg     . . .     Faith    .   c - +0 robe
rPois    .         Spirit   .   (no helmet)
rElec    .         Reflect  .   d - +0 cloak
rCorr    .         Harm     .   (no gloves)
MR       .....                  (no boots)
Stlth    +++.......             (no amulet)
HPRegen  0.11/turn              i - +4 ring of evasion
MPRegen  0.09/turn              (no ring)

@: no status effects
A: small, mutation resistance 1
a: no special abilities


You were on level 3 of the Dungeon.
You were not hungry.

You visited 1 branch of the dungeon, and saw 3 of its levels.

You collected 186 gold pieces.

Inventory:

Hand Weapons
 a - a +2 rapier of venom (weapon)
 b - a +1 blowgun
Missiles
 e - 21 poisoned needles
 f - 2 curare-tipped needles
 m - a throwing net (quivered)
Armour
 c - a +0 robe (worn)
 d - a +0 cloak (worn)
Jewellery
 i - a +4 ring of evasion (left hand)
Scrolls
 h - a scroll of enchant weapon
 k - 3 scrolls of teleportation
 l - a scroll of blinking {unknown}
 o - 2 scrolls of remove curse
 p - a scroll of fog {unknown}
 q - a scroll of amnesia {unknown}
Potions
 j - a potion of haste {unknown}
 n - 2 potions of curing
 s - a potion of brilliance {unknown}
 t - a potion of lignification {unknown}
Comestibles
 g - 6 rations


   Skills:
 + Level 2.2 Fighting
 + Level 4.1 Short Blades
 + Level 2.2 Throwing
 + Level 2.3 Dodging
 + Level 6.1 Stealth


You had 4 spell levels left.
You didn't know any spells.
Your spell library contained the following spells:

 Spells                   Type           Power        Failure   Level  Hunger
 Corona                   Hex            #......      38%         1    ##.....
 Ensorcelled Hibernation  Hex/Ice        #.....       52%         2    ###....
 Confuse                  Hex            #.......     77%         3    ####...
 Dazzling Spray           Conj/Hex       #.....       77%         3    ####...
 Tukima's Dance           Hex            #.......     77%         3    ####...


Dungeon Overview and Level Annotations

Branches:
Dungeon (3/15)

Altars:
Kikubaaqudgha
Trog
Uskayaw
Xom


Innate Abilities, Weirdness & Mutations

You are small and have problems with some larger weapons.
You are somewhat resistant to further mutation.


Message History

Robin is moderately wounded.
Robin hits you but does no damage.
You hit Robin.
Robin looks as sick as possible!
Robin is severely wounded.
Robin hits you with a +2 trident of holy wrath.
You hit Robin.
Robin looks as sick as possible!
Robin is almost dead.
Robin throws the goblin at you!
The goblin hits you with a +2 dagger of electrocution.
You are electrocuted!
You are too injured to fight recklessly!
You are too injured to fight recklessly!
You are too injured to fight recklessly!
You puncture Robin!
You kill Robin!
The goblin hits you with a +2 dagger of electrocution.
* * * LOW HITPOINT WARNING * * *
You are electrocuted!
Ouch! That really hurt!
You die...

#### #.# .......... #.#
.#.......... #.#
###.########### #######.#
....... # #....##.#
....... ####
#######....##)# .......
#... #.............#
....... #...
#..........#######)......
#...
#..............g@)g......
####
#...........######g......
### #.......#.#.# .......
#.. #.......#.#.# .......
#.. #.....÷.#.#.#####
...$... #..
#.....†.#.#.....# ..)....
#.. #.......#.#.....#
....... #..
#.......#.#.....# ##...##
#.. #.......#.#.....# #..


You could see a hobgoblin and 2 goblins.

Vanquished Creatures
  Terence (D:1)
  Robin (D:3)
  4 adders
  An ooze (D:3)
  3 worms
  8 dart slugs
  3 leopard geckos
  9 bats
  2 giant cockroaches
  13 goblins
  10 hobgoblins
  7 kobolds
  2 quokkas
  A ball python (D:1)
  9 frilled lizards
  8 rats
82 creatures vanquished.

Notes
Turn   | Place    | Note
-------+----------+-------------------------------------------
     0 | D:1      | Borgoz the Halfling Assassin began the quest for the Orb.
     0 | D:1      | Reached XP level 1. HP: 14/14 MP: 1/1
    62 | D:1      | Reached XP level 2. HP: 11/19 MP: 2/2
   218 | D:1      | Reached skill level 5 in Stealth
   361 | D:1      | You fall through a shaft!
   520 | D:2      | Reached XP level 3. HP: 20/24 MP: 3/3
  1182 | D:1      | Reached XP level 4. HP: 29/29 MP: 4/4
  1700 | D:2      | Noticed a moth of wrath
  1703 | D:2      | Found a bloodstained altar of Trog.
  1705 | D:2      | Noticed Terence
  1726 | D:1      | Killed Terence
  1726 | D:1      | Reached XP level 5. HP: 34/34 MP: 5/5
  2397 | D:3      | Found an ancient bone altar of Kikubaaqudgha.
  2409 | D:3      | Found a shimmering altar of Xom.
  2439 | D:3      | Reached skill level 6 in Stealth
  2646 | D:3      | Found a hide-covered altar of Uskayaw.
  2782 | D:3      | Noticed Robin
  2800 | D:3      | Killed Robin
  2800 | D:3      | Mangled by a goblin

Vault maps used:
D:1:      ncdulo_wetmaze
D:2:      tgw_trog, first_ration, uniq_terence
D:3:      chequers_temple_overflow_statue_of_worship, lemuel_doored_altar,
          uniq_ijyb, uniq_robin

Skill      XL: |  1  2  3  4  5 |
---------------+----------------+-----
Stealth        | 5 6 |  6.1
Short Blades   | 3 4 |  4.1
Fighting       | 2 |  2.2
Dodging        | 2 |  2.3
Throwing       | |  2.2

Action                   |  1- 3 |  4- 6 || total
-------------------------+-------+-------++-------
Melee: Dagger            |   108 |    85 ||   193
       Rapier            |       |    44 ||    44
 Fire: Blowgun           |       |     7 ||     7
  Use: Scroll            |     6 |     1 ||     7
 Stab: Sleeping          |    10 |     8 ||    18
  Eat: Chunk             |     1 |     5 ||     6
Armor: Robe              |    13 |    14 ||    27
Dodge: Dodged            |    69 |   102 ||   171

Table legend:
 A = Non-vault XP
 B = Vault XP
 C = Vault XP percentage of total XP
 D = Non-vault monster count
 E = Vault monster count
 F = Vault count percentage of total count
                 A         B        C        D         E       F
            +---------+---------+-------+---------+---------+-------
      Total |     185 |      78 |  29.7 |      68 |      14 |  17.1
            +---------+---------+-------+---------+---------+-------
        D:1 |      61 |      36 |  37.1 |      31 |       1 |   3.1
        D:2 |      58 |      13 |  18.3 |      13 |       5 |  27.8
        D:3 |      66 |      29 |  30.5 |      24 |       8 |  25.0
            +---------+---------+-------+---------+---------+-------
